 Dungeon Crawl Stone Soup version 0.18-a0-1683-gf9322e6 (webtiles) character file.

7 Ratboiler the Magician (level 1, -1/14 HPs)
             Began as a Draconian Wanderer on Apr 3, 2016.
             Killed from afar by a dart slug (4 damage)
             ... with a slug dart
             ... on level 1 of the Dungeon.
             The game lasted 00:00:41 (543 turns).

Ratboiler the Magician (Draconian Wanderer)          Turns: 543, Time: 00:00:41

Health: -1/14      AC:  4    Str: 12    XL:     1   Next: 83%
Magic:  4/4        EV: 12    Int: 12    God:
Gold:   46         SH:  0    Dex: 12    Spells: 0 memorised, 6 levels left

rFire  . . .     SeeInvis .     d - +0 club
rCold  . . .     Gourm    .     (armour unavailable)
rNeg   . . .     Faith    .     (no shield)
rPois  .         Spirit   .     (helmet restricted)
rElec  .         Dismiss  .     (no cloak)
rCorr  .         Reflect  .     (no gloves)
SustAt .         Harm     .     (no boots)
MR     .....                    (no amulet)
Stlth  +.........               (no ring)
                                (no ring)

@: not resistant to hostile enchantments, very unstealthy
A: unfitting armour, cold-blooded, AC +4
a: no special abilities


You were on level 1 of the Dungeon.
You were not hungry.

You visited 1 branch of the dungeon, and saw 1 of its levels.

You collected 46 gold pieces.

Inventory:

Hand Weapons
 d - a +0 club (weapon)
Missiles
 a - 3 throwing nets (quivered)
Scrolls
 g - 3 scrolls of remove curse {unknown}
 h - 2 scrolls of identify {unknown}
 i - a scroll of magic mapping {unknown}
Potions
 e - a potion of might {unknown}
 j - a potion of haste {unknown}
Books
 b - the Tome of Heat

   Spells                             Type                      Level
   a - Flame Tongue                   Conjuration/Fire             1
   b - Ignite Poison                  Fire/Transmutation/Poison    3
 c - the Grimoire of Unholy Secrets

   Spells                             Type                      Level
   a - Pain                           Necromancy                   1
   b - Vampiric Draining              Necromancy                   3
Comestibles
 f - a bread ration


   Skills:
 + Level 1.5(1.7) Maces & Flails
   Level 1.0(1.4) Staves
 - Level 1.0 Throwing
 - Level 1.7 Dodging
   Level 1.0 Shields
 - Level 3.0 Spellcasting
   Level 1.0 Necromancy
   Level 1.0 Air Magic


You had 6 spell levels left.
You didn't know any spells.

Dungeon Overview and Level Annotations

Branches:
Dungeon (1/15)

Altars:


Innate Abilities, Weirdness & Mutations

Your plain brown scales are hard (AC +4).
Your body does not fit into most forms of armour.
You are cold-blooded and may be slowed by cold attacks.


Message History

You are too injured to fight recklessly!
You are too injured to fight recklessly!
You are too injured to fight recklessly!
You are too injured to fight recklessly!
You are too injured to fight recklessly!
You are too injured to fight recklessly!
You are too injured to fight recklessly!
You are too injured to fight recklessly!
You are too injured to fight recklessly!
You are too injured to fight recklessly!
You are too injured to fight recklessly!
You are too injured to fight recklessly!
You closely miss the hobgoblin.
The hobgoblin is severely wounded.
The hobgoblin barely misses you.
You barely miss the hobgoblin.
The hobgoblin is severely wounded.
The dart slug launches a dart at you. The slug dart hits you!
You die...

#.#.##### #.#..... .
#>.....# .. +......# ..$
#......#######
..$.##............######
..................'.....
#.....w...#.......######
#.....g@..#..(.........#
#....?....#............#
###......[#............(
#.....$.#........####.
#......(######...# ##
#.......# #...# #
######### #...# #
######...# #....)†..# #


You could see a dart slug and a hobgoblin.

Vanquished Creatures
  A giant gecko (D:1)
  2 bats (D:1)
  A hobgoblin (D:1)
  A giant newt (D:1)
  A rat (D:1)
6 creatures vanquished.

Notes
Turn   | Place    | Note
--------------------------------------------------------------
     0 | D:1      | Ratboiler the Draconian Wanderer began the quest for the Orb.
     0 | D:1      | Ratboiler set off with: 3 throwing nets, the Tome of Heat, the Grimoire of Unholy Secrets, a +0 club, a bread ration
     0 | D:1      | Reached XP level 1. HP: 14/14 MP: 4/4
     0 | D:1      | Identified the Tome of Heat
     0 | D:1      | Identified the Grimoire of Unholy Secrets
   270 | D:1      | Reached skill level 1 in Maces & Flails
   543 | D:1      | Killed from afar by a dart slug

Vault maps used:
D:1:      roderic_octagonal_star, supply_closet_lemuel

Skill      XL: |  1 |
---------------+----+-----
Maces & Flails | 1 |  1.5
Staves         | |  1.0
Throwing       | |  1.0
Dodging        | |  1.7
Shields        | |  1.0
Spellcasting   | |  3.0
Necromancy     | |  1.0
Air Magic      | |  1.0

Action                   || total
-------------------------++-------
Melee: Club              ||    30
